AoeStats
← nanakusa

Nomad

506391611Analyzed
4v4 RM · 19d ago on Sep 13, 2026· 50m 37s· 8 players
Game mode
Random Map
Map size
231×231
Population
200
Speed
Normal
Resources
Standard
Victory
Conquest
Starting age
Dark Age
Ending age
Imperial Age
RankedLock teamsTeams togetherTeam positionsShared explorationLock speedFull tech treeHidden civsTurbo modeCheats
Victory
Defeat
🇫🇷 Burmese · France
1528
+13
🇪🇸 Armenians · Spain
1512
+14
🇸🇪 Britons · Sweden
1373
+19
🇳🇬 Maya · Nigeria
1364
+20
🇯🇵 Persians · Japan
1544
-20
🇨🇳 Italians · China
1480
-18
🇮🇳 Hindustanis · India
1448
-16
1352
-12
nanakusa
12:53 Feudal Age
14:10 Wheelbarrow
14:32 Loom
17:07 Castle Age
15:20 Fishing Lines
15:53 Double-Bit Axe
18:04 Bow Saw
20:37 Scale Barding Armor
20:26 Horse Collar
21:44 Gillnets
22:49 Stone Mining
23:15 Gold Mining
24:42 Town Watch
25:54 Hand Cart
25:29 Elite Skirmisher
26:51 Fletching
27:02 Padded Archer Armor
30:17 Bodkin Arrow
33:12 Chain Barding Armor
35:24 Imperial Age
33:25 Leather Archer Armor
33:39 Forging
35:20 Bloodlines
35:10 Husbandry
35:21 Heavy Plow
35:33 Heavy Camel Rider
37:35 Crop Rotation
37:49 Plate Barding Armor
38:46 Conscription
44:20 Chemistry
43:37 Cavalier
46:02 Savar
47:57 Iron Casting
49:47 Blast Furnace
买彩票刮出欠条
7:33 Loom
12:28 Feudal Age
13:01 Double-Bit Axe
13:33 Gold Mining
17:14 Forging
21:50 Castle Age
22:39 Castle Age
24:10 Castle Age
25:04 Medium Warships
27:03 Iron Casting
28:26 Bow Saw
31:16 Horse Collar
33:15 Stone Mining
34:11 Fishing Lines
36:19 Wheelbarrow
36:06 Husbandry
37:19 Heavy Plow
39:22 Scale Barding Armor
41:08 Hand Cart
42:17 Ballistics
42:19 Chain Barding Armor
41:59 Scale Mail Armor
45:19 Imperial Age
46:42 Plate Barding Armor
45:45 Cavalier
47:29 Conscription
47:13 Greek Fire
49:03 Paladin
49:41 Fletching
49:50 Elite Skirmisher
Theoden_King
5:52 Loom
14:11 Feudal Age
17:11 Double-Bit Axe
22:46 Fletching
27:03 Castle Age
25:50 Horse Collar
31:37 Wheelbarrow
33:12 Hand Cart
35:56 Heavy Plow
36:09 Bow Saw
40:15 Imperial Age
38:17 Bodkin Arrow
38:22 Padded Archer Armor
38:33 Thumb Ring
38:16 Elite Skirmisher
39:55 Ballistics
39:55 Leather Archer Armor
39:33 Gold Mining
42:53 Chemistry
42:16 Bracer
42:47 Ring Archer Armor
[Fx、]AirDk
3:08 Loom
12:09 Feudal Age
16:44 Castle Age
18:18 Fletching
19:36 Bodkin Arrow
25:25 Padded Archer Armor
31:52 Redemption
32:35 Double-Bit Axe
33:48 Leather Archer Armor
37:34 Bow Saw
37:44 Town Watch
39:24 Wheelbarrow
39:00 Horse Collar
40:57 Hand Cart
Tifur
10:32 Loom
14:23 Feudal Age
19:05 Castle Age
17:05 Fishing Lines
19:54 Town Watch
19:57 Town Watch
20:27 Fletching
21:31 Bodkin Arrow
23:15 Padded Archer Armor
30:52 Wheelbarrow
36:26 Imperial Age
35:39 Bloodlines
36:11 Husbandry
37:24 Masonry
37:35 Ballistics
37:17 Bracer
38:01 Conscription
37:37 Treadmill Crane
42:17 Chemistry
40:51 Light Cavalry
44:12 Scale Barding Armor
45:15 Architecture
45:14 Hand Cart
48:57 Hussar
jdac
4:59 Loom
13:21 Feudal Age
14:22 Double-Bit Axe
22:47 Castle Age
22:42 Gold Mining
23:53 Medium Warships
24:42 Bow Saw
27:00 Town Watch
29:55 Horse Collar
32:13 Gold Shaft Mining
35:01 Fletching
35:38 Ballistics
38:14 Imperial Age
37:38 Wheelbarrow
37:54 Bodkin Arrow
38:00 Padded Archer Armor
38:13 Masonry
39:05 Hand Cart
39:09 Bracer
40:13 Chemistry
38:54 Elite Composite Bowman
40:36 Stone Mining
42:44 Leather Archer Armor
42:55 Conscription
46:57 Heavy Plow
49:29 Hoardings
xGusZx24
8:59 Loom
14:58 Feudal Age
15:59 Double-Bit Axe
16:56 Wheelbarrow
22:05 Castle Age
20:01 Fletching
20:35 Forging
22:38 Fishing Lines
23:16 Bow Saw
23:00 Gold Mining
24:10 Iron Casting
23:27 Town Watch
27:18 Bodkin Arrow
30:44 Padded Archer Armor
38:10 Imperial Age
35:24 Pikeman
36:22 Horse Collar
38:29 Leather Archer Armor
38:14 Scale Mail Armor
40:06 Chemistry
39:38 Squires
39:24 Arson
41:05 Conscription
41:50 Ballistics
41:32 Bracer
42:02 Ring Archer Armor
41:39 Gambesons
43:59 Chain Mail Armor
43:17 Halberdier
47:02 Plate Mail Armor
50:41 Blast Furnace
51:43 Two-Man Saw
50:45 Heavy Plow
D_Baron
4:32 Loom
12:25 Feudal Age
14:08 Town Watch
16:08 Fishing Lines
18:06 Wheelbarrow
17:27 Fletching
21:46 Castle Age
19:38 Horse Collar
21:21 Padded Archer Armor
21:50 Crossbowman
22:35 Thumb Ring
22:57 Bodkin Arrow
29:30 Leather Archer Armor
33:08 Gillnets
33:16 Double-Bit Axe
33:37 Heavy Plow
34:27 Hand Cart
35:04 Heavy Plow
36:52 Gold Mining
40:09 Imperial Age
38:56 Ballistics
40:54 Forging
40:13 Elite Plumed Archer
41:17 Conscription
41:34 Bracer
42:37 Chemistry
44:27 Ring Archer Armor
44:50 Holcans
44:55 Squires
44:17 Eagle Warrior
44:47 Pikeman
45:25 Arson
45:43 Scale Mail Armor
46:18 Iron Casting
46:31 Halberdier
46:44 Elite Eagle Warrior
49:01 Crop Rotation
49:59 Chain Mail Armor
50:45 Blast Furnace
50:46 Town Patrol
51:10 Masonry
Connection lost

Rejoining the realm…

Still unreachable

The connection could not be restored.

Session expired

The server has moved on; the page needs a fresh start.